 Dungeon Crawl Stone Soup version 0.23.2-1-ga50397a6bc (webtiles) character file.

Game seed: 17787878784585930371

420 Menchi the Skirmisher (level 6, -1/62 HPs)
             Began as a Naga Fighter on May 17, 2019.
             Was an Initiate of Gozag.
             Slain by Blork the orc
             ... wielding a cursed -1 glaive
              (4 damage)
             ... on level 5 of the Dungeon.
             The game lasted 00:09:58 (4149 turns).

Menchi the Skirmisher (Naga Fighter)                Turns: 4149, Time: 00:09:59

Health: -1/62      AC:  6    Str: 21    XL:     6   Next: 94%
Magic:  6/6        EV:  8    Int: 13    God:    Gozag
Gold:   486        SH:  4    Dex: 10    Spells: 5/5 levels left

rFire    . . .     SeeInvis +   a - +0 long sword
rCold    + . .     Gourm    .   s - +0 buckler {reflect}
rNeg     . . .     Faith    .   b - +0 scale mail
rPois    +         Spirit   .   (no helmet)
rElec    .         Reflect  +   (no cloak)
rCorr    .         Harm     .   h - +0 pair of gloves
MR       .....                  (no barding)
Stlth    ..........             (no amulet)
HPRegen  0.20/turn              i - ring of protection from cold
MPRegen  0.10/turn              (no ring)

@: brilliant, short of breath, hasted, quick
A: large, see invisible, deformed body, poison resistance, slowness 2, slow
metabolism 1, spit poison 1, AC +2
a: Spit Poison, Potion Petition, Call Merchant, Bribe Branch, Renounce Religion


You were on level 5 of the Dungeon.
You worshipped Gozag.
Gozag was aware of your devotion.
You were hungry.

You visited 1 branch of the dungeon, and saw 5 of its levels.

You collected 503 gold pieces.
You paid 17 gold pieces to Gozag.

Inventory:

Hand Weapons
 a - a +0 long sword (weapon)
Armour
 b - a +0 scale mail (worn)
 c - a +0 shield
 h - a +0 pair of gloves (worn)
 s - a +0 buckler of reflection (worn)
Jewellery
 i - a ring of protection from cold (left hand)
 q - an uncursed ring of flight {unknown}
Wands
 r - a wand of acid (10)
Scrolls
 e - 2 scrolls of teleportation
 l - 2 scrolls of random uselessness {unknown}
 n - 6 scrolls of identify
 p - a scroll of enchant armour {unknown}
 t - 2 scrolls of remove curse
 u - a scroll of amnesia
Potions
 d - 2 potions of might
 g - a potion of magic {unknown}
 j - 8 potions of curing {unknown}
 k - a potion of degeneration {unknown}
 m - 4 potions of heal wounds
 o - 4 potions of invisibility {unknown}
Comestibles
 f - 4 rations


   Skills:
 * Level 6.0 Fighting
 - Level 2.0 Long Blades
 - Level 2.4 Armour
 + Level 2.7 Dodging
 - Level 3.2 Shields


You had 5 spell levels left.
You didn't know any spells.
Your spell library contained the following spells:

 Spells                   Type           Power        Failure   Level  Hunger
 Animate Skeleton         Necr           N/A          10%         1    ##.....
 Apportation              Tloc           #.....       10%         1    ##.....
 Confusing Touch          Hex            #.....       10%         1    ##.....
 Summon Small Mammal      Summ           #...         10%         1    ##.....


Dungeon Overview and Level Annotations

Branches:
Dungeon (5/15)             Temple (0/1) D:4

Altars:
Dithmenos
Gozag
Hepliaklqana
Makhleb
Okawaru
Qazlal
Xom
Yredelemnul
Zin
The Shining One

Annotations:
D:5 Blork the orc


Innate Abilities, Weirdness & Mutations

You cannot wear boots.
Your serpentine skin is tough. (AC +2)
You have supernaturally acute eyesight. (SInv)
Armour fits poorly on your strangely shaped body.
Your system is resistant to poisons. (rPois)
You cover ground very slowly.
You have a slow metabolism.
You can spit poison.


Message History

[a] - 0 gold - resistance, invisibility and agility [b] - 0 gold - resistance, might and agility [c] - 0 gold - haste, brilliance and heal wounds Purchase which effect?
You feel yourself speed up.
You feel clever all of a sudden.
You feel much better. The ogre hits you with a +0 giant club!
Blork the orc hits you from afar with a cursed -1 glaive!
You closely miss the ogre.
The ogre is moderately wounded.
The ogre hits you with a +0 giant club!!
* * * LOW HITPOINT WARNING * * *
Press: ? - help, Shift-Dir - straight line, f/p - ogre
Aim: an ogre, wielding a +0 giant club (moderately wounded)
The splash of poison hits the ogre.
The ogre is moderately wounded.
You are feeling hungry.
Blork the orc hits you from afar with a cursed -1 glaive.
You die...
Your body crumbles into a pile of gold.

# .# ..# ...#
####o...#
#.@O....#
##.##....#
######### ###..#
..... ........#
##...## ..##
#######.###..###
.# #.....#### #
###..........
#....#####...
#.#..####....


You could see Blork the orc and an ogre.

Vanquished Creatures
  An ice beast (D:4)
  A crimson imp (D:5)
  2 orc wizards (D:5)
  An orc priest (D:5)
  An iguana (D:3)
  Terence (D:2)
  4 adders
  An ooze (D:1)
  4 worms
  2 dart slugs (D:2)
  3 leopard geckos
  10 orcs
  3 giant cockroaches (D:2)
  8 goblins
  6 hobgoblins
  9 jackals
  6 kobolds
  3 quokkas
  7 bats
  10 frilled lizards
  13 rats
96 creatures vanquished.

Notes
Turn   | Place    | Note
-------+----------+-------------------------------------------
     0 | D:1      | Menchi the Naga Fighter began the quest for the Orb.
     0 | D:1      | Reached XP level 1. HP: 21/21 MP: 1/1
   175 | D:1      | Reached XP level 2. HP: 26/28 MP: 2/2
   325 | D:1      | Reached XP level 3. HP: 27/34 MP: 3/3
   513 | D:1      | Reached skill level 1 in Dodging
   881 | D:2      | Noticed an angel
   882 | D:2      | Found a glowing silver altar of Zin.
   883 | D:2      | Found a shimmering altar of Xom.
  1271 | D:2      | Noticed Terence
  1275 | D:2      | Killed Terence
  1275 | D:2      | Reached skill level 4 in Fighting
  1275 | D:2      | Reached XP level 4. HP: 40/44 MP: 4/4
  1599 | D:2      | Found a hazy altar of Hepliaklqana.
  1606 | D:2      | Found an opulent altar of Gozag.
  1645 | D:2      | Became a worshipper of Gozag Ym Sagoz the Greedy
  2032 | D:2      | Found a glowing golden altar of the Shining One.
  2126 | D:3      | Reached XP level 5. HP: 46/51 MP: 5/5
  2317 | D:3      | Found a shadowy altar of Dithmenos.
  2611 | D:3      | Found a stormy altar of Qazlal.
  2723 | D:3      | Found a basalt altar of Yredelemnul.
  2882 | D:3      | Found an iron altar of Okawaru.
  3180 | D:4      | Found a staircase to the Ecumenical Temple.
  3290 | D:4      | Noticed an ice beast
  3301 | D:4      | Killed an ice beast
  3301 | D:4      | Reached skill level 5 in Fighting
  3301 | D:4      | Reached XP level 6. HP: 17/61 MP: 6/6
  3950 | D:5      | Entered Level 5 of the Dungeon
  4119 | D:5      | Found a burning altar of Makhleb.
  4137 | D:5      | Reached skill level 6 in Fighting
  4145 | D:5      | Noticed Blork the orc
  4148 | D:5      | HP: 3/62 [ogre/+0 giant club (18)]
  4149 | D:5      | Slain by Blork the orc

Skill      XL: |  1  2  3  4  5  6 |
---------------+-------------------+-----
Dodging        | 1 2 |  2.7
Fighting       | 4 5 6 |  6.0
Shields        | 3 |  3.2
Long Blades    | |  2.0
Armour         | |  2.4

Action                   |  1- 3 |  4- 6 || total
-------------------------+-------+-------++-------
Melee: Long sword        |   118 |   229 ||   347
Invok: Potion Petition   |       |     1 ||     1
 Abil: Spit Poison       |     2 |     4 ||     6
  Use: Scroll            |     1 |     5 ||     6
  Eat: Chunk             |     1 |     1 ||     2
       Ration            |       |     2 ||     2
Armor: Scale mail        |    75 |   133 ||   208
Dodge: Dodged            |    58 |   106 ||   164
Block: Buckler           |       |     7 ||     7
       Rpst.: Long sword |    19 |    27 ||    46
